 Dungeon Crawl Stone Soup version 0.27-a0-695-gb4952372f7 (webtiles) character file.

Game seed: 4397700707258103621

18 tilp the Skirmisher (level 2, -2/31 HPs)
             Began as an Ogre Warper on Mar 21, 2021.
             Slain by a gnoll
             ... wielding a +0 club
              (4 damage)
             ... on level 1 of the Dungeon.
             The game lasted 00:00:45 (614 turns).

tilp the Skirmisher (Ogre Warper)                    Turns: 614, Time: 00:00:46

Health: -2/31      AC:  3    Str: 14    XL:     2   Next: 66%
Magic:  5/5        EV:  9    Int: 14    God:
Gold:   13         SH:  0    Dex:  8    Spells: 5/5 levels left

rFire    . . .     SeeInvis .   a - +0 mace
rCold    . . .     Faith    .   (no shield)
rNeg     . . .     Spirit   .   b - +0 robe
rPois    .         Reflect  .   (helmet restricted)
rElec    .         Harm     .   (no cloak)
rCorr    .         Rampage  .   (gloves unavailable)
Will     .....                  (boots unavailable)
Stlth    +.........             (no amulet)
HPRegen  0.10/turn              (no ring)
MPRegen  0.09/turn              (no ring)

@: no status effects
A: large, unfitting armour, tough skin 1
a: no special abilities


You were on level 1 of the Dungeon.
You visited 1 branch of the dungeon, and saw 1 of its levels.

You collected 13 gold pieces.

Inventory:

Hand Weapons
 a - a +0 mace (weapon)
Missiles
 e - 4 boomerangs of dispersal (quivered)
Armour
 b - a +0 robe (worn)
Scrolls
 d - a scroll of blinking


   Skills:
 + Level 3.5 Fighting
 + Level 2.3 Maces & Flails
 - Level 1.0 Throwing
 - Level 2.1 Dodging
 - Level 2.4 Spellcasting
 - Level 2.6 Translocations


You had 5 spell levels left.
You didn't know any spells.
Your spell library contained the following spells:

 Spells                   Type           Power      Damage    Failure   Level
 Blink                    Tloc           N/A        N/A       12%         2
 Gell's Gravitas          Tloc           4%         N/A       22%         3
 Lesser Beckoning         Tloc           4%         N/A       22%         3
 Teleport Other           Tloc           9%         N/A       22%         3
 Manifold Assault         Tloc           9%         N/A       58%         4


Dungeon Overview and Level Annotations

Branches:
Dungeon (1/15)

Altars:


Innate Abilities, Weirdness & Mutations

You are too large for most types of armour.
You have tough skin. (AC +1)


Message History

A dart slug comes into view.
Found a runed whip and 9 gold pieces.
A dart slug is nearby!
A dart slug is nearby!
There is an open door here.
You hit the dart slug.
The dart slug is moderately wounded.
The dart slug completely misses you.
You sock the dart slug!
You kill the dart slug!
No target in view!
A gnoll comes into view. It is wielding a +0 club.
The gnoll moves out of view.
A gnoll is nearby!
Okay, then.
You hit the gnoll but do no damage. The gnoll hits you with a +0 club.
The gnoll barely misses you.
You hit the gnoll but do no damage. The gnoll hits you with a +0 club.
You closely miss the gnoll. The gnoll hits you with a +0 club!
You hit the gnoll.
The gnoll is moderately wounded.
The gnoll hits you with a +0 club.
* * * LOW HITPOINT WARNING * * *
You hit the gnoll but do no damage.
The gnoll is moderately wounded.
The gnoll hits you with a +0 club.
* * * LOW HITPOINT WARNING * * *
You hit the gnoll.
The gnoll is heavily wounded.
The gnoll hits you with a +0 club.
* * * LOW HITPOINT WARNING * * *
The gnoll barely misses you.
You closely miss the gnoll.
The gnoll is heavily wounded.
The gnoll hits you with a +0 club.
* * * LOW HITPOINT WARNING * * *
You closely miss the gnoll.
The gnoll is heavily wounded.
The gnoll hits you with a +0 club.
You die...

.○☼ ○§°..........# .§
°☼..........# . !??.
§°..........# # #...#
#..$......# # #§☼○#
#...).....#.# # #§§○#
#...........# # #§☼.#
####.######## #####...#
#g# (.......# #@#
........########'######
......................#
...........##....)....#
...........'..†.......#
...........#.†........#
.........#.#..........#
.......†.#.#..........+
######.#.#.#..........#


You could see a gnoll.

Vanquished Creatures
  2 dart slugs (D:1)
  A giant cockroach (D:1)
  A hobgoblin (D:1)
  3 jackals (D:1)
  4 kobolds (D:1)
  A rat (D:1)
12 creatures vanquished.

Vanquished Creatures (others)
  A goblin (D:1)
  A quokka (D:1)
2 creatures vanquished.

Grand Total: 14 creatures vanquished

Notes
Turn   | Place    | Note
-------+----------+-------------------------------------------
     0 | D:1      | tilp the Ogre Warper began the quest for the Orb.
     0 | D:1      | Reached XP level 1. HP: 22/22 MP: 3/3
    89 | D:1      | Reached skill level 3 in Fighting
   259 | D:1      | Reached XP level 2. HP: 28/31 MP: 5/5
   614 | D:1      | Slain by a gnoll

Illustrated notes

Levels and vault maps discovered:
D:1:      dpeg_arrival_connections, layout_basic, lemuel_flame_loot_1

Skill      XL: |  1 |
---------------+----+-----
Fighting       | 3 |  3.5
Maces & Flails | 2 |  2.3
Throwing       | |  1.0
Dodging        | |  2.1
Spellcasting   | |  2.4
Translocations | |  2.6

Action                   || total
-------------------------++-------
Melee: Mace              ||    49
Throw: Boomerang         ||     1
Armor: Robe              ||    13
Dodge: Dodged            ||    27

Table legend: (Time is in decaauts)
 A = Elapsed time spent in this place.
 B = Non-inter-level travel time spent in this place.
 C = Inter-level travel time spent in this place.
 D = Time resting spent in this place.
 E = Time spent auto-exploring this place.
 F = Levels seen in this place.
 G = Mean time per level.
                   A        B        C        D        E       F      G
               +--------+--------+--------+--------+--------+-----+--------+
         Total |    628 |    628 |      0 |    124 |    393 |   1 |  628.0 |
       Dungeon |    628 |    628 |      0 |    124 |    393 |   1 |  628.0 |
               +--------+--------+--------+--------+--------+-----+--------+

Top non-repeatable levels by time:
     D:1: 628 daAuts
